[Event "45th FIDE Olympiad 2024"]
[Site "Budapest"]
[Date "2024.09.14"]
[Round "4.34"]
[White "Haring, Filip"]
[Black "Christiansen, Johan-Sebastian"]
[Result "0-1"]
[ECO "C13"]
[WhiteElo "2503"]
[BlackElo "2661"]
[Annotator "RC"]
[PlyCount "116"]
[EventDate "2024.09.05"]
[EventType "team-tourn"]
[EventCountry "HUN"]
[SourceTitle "playchess.com"]
[Source "ChessBase"]
[SourceQuality "1"]
[WhiteTeam "Slovakia"]
[BlackTeam "Norway"]
[WhiteTeamCountry "SVK"]
[BlackTeamCountry "NOR"]
[TimeControl "40/5400+30:1800+30"]

1. e4 e6 2. d4 d5 3. Nc3 Nf6 4. Bg5 dxe4 5. Nxe4 Be7 6. Bxf6 gxf6 7. Nc3 Nd7 8. g3 c6 9. Bg2 Qa5 10. Nge2 Nf8 11. a3 Ng6 12. Qd3 Bd7 13. h4 h5 14. Nc1 Qc7 15. Nb3 b6 16. Qe2 Rd8 17. O-O-O a5 18. Kb1 a4 19. Nc1 b5 20. Nd3 Kf8 21. f4 Be8 22. Qe3 f5 23. Bf3 Qb6 24. Ne2 Bf6 25. Nc5 Kg7 26. c3 Ne7 27. Nc1 Ng8 28. Qe2 Kg6 29. N1d3 Be7 30. Ne5+ Kg7 31. Bxh5 Bxc5 32. dxc5 Rxd1+ 33. Rxd1 Qxc5 34. Bf3 Nf6 35. Qg2 Qe3 36. Rd3 Qe1+ 37. Ka2 c5 38. Be2 Qc1 39. Rd1 Qc2 40. Bf3 Qxg2 41. Bxg2 Rg8 42. Rd6 Kf8 43. Bc6 Ke7 44. Rd3 c4 45. Rf3 Ng4 46. Bxe8 Nxe5 47. fxe5 Kxe8 48. Kb1 Rg4 49. Kc2 Kd7 50. Kd2 Kc6 51. h5 Kd5 52. h6 Rg6 53. h7 Rh6 54. g4 Rxh7 55. gxf5 Ke4 56. Rf2 exf5 57. Re2+ Kf3 58. Re3+ Kg4 0-1

[Event "45th FIDE Olympiad 2024"]
[Site "Budapest"]
[Date "2024.09.14"]
[Round "4.34"]
[White "Prasad, Rudr"]
[Black "Yee, Soon Wei"]
[Result "0-1"]
[ECO "D94"]
[WhiteElo "1777"]
[BlackElo "2219"]
[PlyCount "94"]
[EventDate "2024.09.05"]
[EventType "team-tourn"]
[EventCountry "HUN"]
[WhiteTeam "Fiji"]
[BlackTeam "Brunei Darussalam"]
[WhiteTeamCountry "FIJ"]
[BlackTeamCountry "BRN"]
[TimeControl "40/5400+30:1800+30"]

1. d4 Nf6 2. c4 g6 3. Nc3 d5 4. Nf3 Bg7 5. e3 O-O 6. cxd5 Nxd5 7. Bc4 Nxc3 8. bxc3 c5 9. O-O Nc6 10. Ba3 cxd4 11. cxd4 Na5 12. Bd3 Be6 13. Qe2 a6 14. Rfc1 b5 15. Nd2 Bd5 16. Bc5 Re8 17. e4 Be6 18. Qe3 Nb7 19. e5 Qd7 20. Be4 Rac8 21. Nb3 Bd5 22. Rc2 f6 23. f4 Rc6 24. a4 bxa4 25. Bxd5+ Qxd5 26. Rxa4 fxe5 27. fxe5 Bxe5 28. Rb4 Re6 29. dxe5 Qd1+ 30. Kf2 Qxc2+ 31. Kg3 Rd8 32. Bd4 Qc6 33. Bb6 Rd5 34. Nd4 Qd7 35. Nf3 Nd8 36. Bxd8 Qxd8 37. Qb3 Kg7 38. Rd4 Rexe5 39. Nxe5 Rxd4 40. Qf7+ Kh8 41. Qf2 Kg7 42. Qf7+ Kh6 43. Qf2 Qd6 44. Qe3+ Kg7 45. Kf2 Rd2+ 46. Kf1 Qd4 47. Qg3 Qa1+ {0-} 0-1

[Event "45th FIDE Olympiad 2024"]
[Site "Budapest"]
[Date "2024.09.14"]
[Round "4.35"]
[White "Tari, Aryan"]
[Black "Sahidi, Samir"]
[Result "1/2-1/2"]
[ECO "C54"]
[WhiteElo "2642"]
[BlackElo "2474"]
[Annotator "TA"]
[PlyCount "64"]
[EventDate "2024.09.05"]
[EventType "team-tourn"]
[EventCountry "HUN"]
[SourceTitle "playchess.com"]
[Source "ChessBase"]
[SourceQuality "1"]
[WhiteTeam "Norway"]
[BlackTeam "Slovakia"]
[WhiteTeamCountry "NOR"]
[BlackTeamCountry "SVK"]
[TimeControl "40/5400+30:1800+30"]

1. e4 e5 2. Nf3 Nc6 3. Bc4 Nf6 4. d3 Bc5 5. O-O d6 6. c3 a6 7. Re1 Ba7 8. Nbd2 O-O 9. Nf1 {[%emt 0:01:00] White has an edge.} Na5 10. Bb3 Nxb3 11. axb3 h6 12. Ng3 Re8 13. h3 d5 14. exd5 $1 Qxd5 15. Be3 $1 c5 16. c4 (16. Ra4 $14) 16... Qd6 $11 17. Nh4 Qc6 18. Bd2 b6 19. Bc3 Bb8 20. Re3 Bc7 21. Qe2 Bb7 22. Ngf5 {[%emt 0:04:29][%cal Oe3g3] [#] Strongly threatening Rg3!} e4 (22... Kh7 $11) 23. d4 {[%emt 0:06:56] White is more active.} (23. Rd1 $16) 23... cxd4 {[%emt 0:00:52] The position is equal.} 24. Nxd4 Qd6 25. Rg3 Qf8 26. Ndf5 Bxg3 27. fxg3 Re6 28. Rf1 {[%emt 0:01:37][%cal Of5h6] Threatens to win with Nxh6+!} Ne8 29. Nd4 $1 Rf6 30. Ndf5 Re6 31. Nd4 Rf6 32. Ndf5 Re6 {[%emt 0:00:08] Weighted Error Value: White=0.11 (very precise) /Black=0.09 (flawless) .  Mistake:       	White=2     	Black=1      Inaccurate:     	White=1     	Black=2      OK:         	White=11    	Black=16     Best:        	White=2     	Black=2      Strong:       	White=3     	---} 1/2-1/2

[Event "45th FIDE Olympiad 2024"]
[Site "Budapest"]
[Date "2024.09.14"]
[Round "4.35"]
[White "Pg. Shahridin, Ak. Abdul Wafie"]
[Black "Terubea, Ronald"]
[Result "0-1"]
[ECO "A22"]
[WhiteElo "1912"]
[BlackElo "1836"]
[PlyCount "110"]
[EventDate "2024.09.05"]
[EventType "team-tourn"]
[EventCountry "HUN"]
[WhiteTeam "Brunei Darussalam"]
[BlackTeam "Fiji"]
[WhiteTeamCountry "BRN"]
[BlackTeamCountry "FIJ"]
[TimeControl "40/5400+30:1800+30"]

1. c4 e5 2. Nc3 Nf6 3. e4 Bc5 4. g3 d6 5. h3 Nc6 6. Bg2 Bd7 7. Nge2 h6 8. O-O O-O 9. d3 Nh7 10. Be3 Nd4 11. Bxd4 Bxd4 12. Nxd4 exd4 13. Ne2 c5 14. b4 b6 15. b5 Rc8 16. Qd2 f5 17. Nf4 g5 18. Nd5 f4 19. Qe2 Nf6 20. e5 Re8 21. Nxf6+ Qxf6 22. exf6 Rxe2 23. Bf3 Re5 24. Bh5 Rf8 25. f7+ Kg7 26. Rae1 Be6 27. gxf4 gxf4 28. Rxe5 dxe5 29. Kg2 Kf6 30. Kf3 Bf5 31. Rd1 Kg5 32. Bg4 Rxf7 33. Rg1 Bxd3 34. Be6+ Kf6 35. Bxf7 Kxf7 36. h4 Bg6 37. h5 Bxh5+ 38. Ke4 Kf6 39. Kd3 Bg6+ 40. Kd2 e4 41. a4 e3+ 42. fxe3 fxe3+ 43. Ke2 Kf5 44. a5 bxa5 45. Rh1 h5 46. Kf3 Ke5 47. Rg1 Be4+ 48. Ke2 Kf4 49. Rf1+ Kg3 50. Rf7 h4 51. Rg7+ Kf4 52. Rf7+ Bf5 53. Rxa7 d3+ 54. Kf1 d2 55. Ke2 Bg4+ {0-} 0-1

[Event "45th FIDE Olympiad 2024"]
[Site "Budapest"]
[Date "2024.09.14"]
[Round "4.36"]
[White "Druska, Juraj"]
[Black "Urkedal, Frode Olav Olsen"]
[Result "1/2-1/2"]
[ECO "E51"]
[WhiteElo "2441"]
[BlackElo "2546"]
[Annotator "TA"]
[PlyCount "103"]
[EventDate "2024.09.05"]
[EventType "team-tourn"]
[EventCountry "HUN"]
[SourceTitle "playchess.com"]
[Source "ChessBase"]
[SourceQuality "1"]
[WhiteTeam "Slovakia"]
[BlackTeam "Norway"]
[WhiteTeamCountry "SVK"]
[BlackTeamCountry "NOR"]
[TimeControl "40/5400+30:1800+30"]

1. d4 Nf6 2. c4 e6 3. Nc3 Bb4 4. e3 O-O 5. Bd2 d5 6. Nf3 Nbd7 7. a3 Be7 8. cxd5 exd5 9. Bd3 Bd6 10. Qc2 c5 11. dxc5 Nxc5 12. Bf5 Nfe4 13. Bxc8 Rxc8 14. O-O Nxd2 15. Nxd2 Be5 16. Rac1 d4 17. exd4 Bxd4 18. Ndb1 (18. Rcd1 $11 Bxc3 19. Qxc3) 18... Rc6 19. Rcd1 Ne6 20. Rd2 Qg5 21. Rfd1 Bb6 22. Qe4 Nc5 ({Black should try} 22... Nf4 $1 $17 {[%cal Oc6c4] White must now prevent ...Rc4!} 23. Kf1 Re6) 23. Qd5 $11 Qg6 24. h4 h5 25. Qg5 Qxg5 26. hxg5 Re8 27. Rd5 Ne6 28. g3 {[%emt 0:00:36] [#]} h4 $1 29. Kg2 hxg3 30. fxg3 Bd8 31. Rd7 Rb6 32. Na4 Rb5 33. g6 fxg6 34. b4 Rg5 {[%emt 0:03:51] And now ...Bc7 would win.} 35. Nc5 {[%emt 0:00:18] aiming for Nxe6.} Bb6 36. Rxb7 {[%emt 0:00:41] [#]} (36. Nxe6 $15 Rxe6 37. R1d3) 36... Nxc5 (36... Nf4+ $1 $19 {is more deadly.} 37. Kf2 Nd5 (37... Bxc5+ 38. bxc5 Nh3+ 39. Kg2 $11)) 37. bxc5 $17 Bxc5 38. Rdd7 Re2+ 39. Kh3 Re3 40. Rxg7+ Kf8 41. Rh7 Rexg3+ 42. Kh2 Rg2+ (42... Bxa3 43. Rh8#) 43. Kh3 R5g3+ 44. Kh4 {[%emt 0:00:07][%cal Rh7h8] [#]} g5+ $1 (44... Bxa3 45. Rh8#) 45. Kh5 Rh3+ (45... Bxa3 46. Rh8#) 46. Kg6 Rxh7 47. Rxh7 $15 {[%emt 0:00:17] KRB-KRN} g4 {[%emt 0:00:33] Strongly threatening ...g3.} 48. Nc3 {[%emt 0:02:14] The position is equal.} g3 49. Nd5 $1 Rh2 {[%emt 0:04:37] ( -> ...Rxh7)} ({Inferior is} 49... Bxa3 50. Rh8#) (49... Bd4 $5 50. Rf7+ $8 Ke8 51. Nc7+ Kd8 52. Ne6+ Kc8 53. Nxd4 Rb2 $18) 50. Rf7+ (50. Rc7 $5 Rh6+ $8 51. Kxh6 $11) 50... Ke8 $1 {[%emt 0:01:36][%cal Og3g2] ...g2! would now be deadly.} (50... Kg8 51. Rg7+ Kh8 52. Ne7 (52. Nf6 $2 Rh6+ 53. Kxh6 Bf8 $19) 52... Bxe7 53. Rxe7) 51. Nc7+ Kd8 52. Ne6+ {[%emt 0:00:05] Weighted Error Value: White=0.11 (very precise) /Black=0.10 (very precise) .  Mistake:       	White=2     	Black=2      Inaccurate:     	White=3     	Black=4      OK:         	White=11    	Black=13     Best:        	White=8     	Black=5      Strong:       	White=1     	Black=2      Brilliant:      	---       	Black=1} 1/2-1/2

[Event "45th FIDE Olympiad 2024"]
[Site "Budapest"]
[Date "2024.09.14"]
[Round "4.36"]
[White "Maharaj, Yash Krishen"]
[Black "Akmal, Ahmad"]
[Result "0-1"]
[ECO "B48"]
[WhiteElo "1847"]
[BlackElo "1830"]
[PlyCount "58"]
[EventDate "2024.09.05"]
[EventType "team-tourn"]
[EventCountry "HUN"]
[WhiteTeam "Fiji"]
[BlackTeam "Brunei Darussalam"]
[WhiteTeamCountry "FIJ"]
[TimeControl "40/5400+30:1800+30"]

1. e4 c5 2. Nf3 e6 3. d4 cxd4 4. Nxd4 Nc6 5. Nc3 Qc7 6. Be3 a6 7. a3 b5 8. Nxc6 Qxc6 9. Bd3 Nf6 10. Qd2 Be7 11. O-O-O O-O 12. h3 b4 13. axb4 Bxb4 14. g4 d6 15. f4 Bb7 16. Rhg1 Rac8 17. Bd4 Nd7 18. e5 dxe5 19. fxe5 Rfd8 20. Qf2 Qc7 21. Qh4 Nf8 22. Ne4 Rxd4 23. Nf6+ gxf6 24. exf6 Rxd3 25. Qg5+ Ng6 26. c3 Rxc3+ 27. Kb1 Be4+ 28. Ka1 Ra3+ 29. bxa3 Qc3+ {0-} 0-1

[Event "45th FIDE Olympiad 2024"]
[Site "Budapest"]
[Date "2024.09.14"]
[Round "4.37"]
[White "Kacharava, Nikolozi"]
[Black "Howell, David W L"]
[Result "0-1"]
[ECO "B12"]
[WhiteElo "2511"]
[BlackElo "2677"]
[Annotator "TA"]
[PlyCount "226"]
[EventDate "2024.09.05"]
[EventType "team-tourn"]
[EventCountry "HUN"]
[SourceTitle "playchess.com"]
[Source "ChessBase"]
[SourceQuality "1"]
[WhiteTeam "Georgia"]
[BlackTeam "England"]
[WhiteTeamCountry "GEO"]
[BlackTeamCountry "ENG"]
[TimeControl "40/5400+30:1800+30"]

1. e4 c6 2. d4 d5 3. e5 Bf5 4. h4 h5 5. c4 e6 6. Nc3 dxc4 7. Bxc4 Nd7 8. Bb3 Be7 9. Bc2 Bxc2 10. Qxc2 {[%emt 0:00:05] The position is equal.} Nb6 11. Nf3 Nd5 12. Ne4 Qa5+ 13. Bd2 Nb4 14. Bxb4 Qxb4+ 15. Qc3 Nh6 16. a3 Qb5 17. Nc5 Nf5 18. a4 Qb6 19. Rc1 a5 20. g3 Rd8 {[%emt 0:01:25] And now ...Rd5 would win.} 21. O-O O-O 22. Rfd1 Rd5 23. Nb3 Rfd8 24. Rd3 Qa6 {[%emt 0:01:25] Black is much more active.} 25. Qc4 (25. Rdd1 $17) 25... b5 $19 26. Qxc6 Qxc6 27. Rxc6 bxa4 28. Nbd2 Nxd4 29. Rxd4 Rxd4 30. Nxd4 Rxd4 {[%emt 0:00:10][%mdl 4096] Endgame. KRB-KRN} 31. Nc4 Bb4 32. Kf1 Re4 33. f3 (33. Nb6 $142) 33... Re1+ 34. Kf2 Kh7 35. f4 (35. g4 $142) 35... Rb1 36. Ke2 Kg6 37. Kf2 Rd1 $2 (37... Rc1 $19 38. Kf3 Bd2) 38. Ke2 $2 (38. f5+ $1 $11 Kh7 (38... Kxf5 $2 39. Ne3+ Kxe5 40. Nxd1 $18) 39. fxe6 fxe6 40. Rxe6) 38... Re1+ 39. Kf3 Rf1+ 40. Kg2 Rb1 41. Kf2 $1 Kh7 $2 ({Black should try} 41... Rc1 $19 42. f5+ Kh7 43. fxe6 fxe6) 42. Kf3 $2 (42. Ke2 $1 $11 Rc1 43. Kd3) 42... Rf1+ 43. Kg2 Rc1 44. Nxa5 $2 (44. Kf2) 44... Rxc6 45. Nxc6 {[%emt 0:00:01] KB-KN} Bd2 46. Nd4 Kg8 $2 (46... Bc1 $19 47. b4 a3) 47. Ne2 $2 (47. Nb5 $17) 47... Kf8 $2 (47... f5 $19 {has better winning chances. Hoping for ...Kf8.} 48. Kf2 Kf7) 48. Kf3 Ke7 49. Ke4 $1 Kd7 50. Kd3 (50. Kd4 $1 $11 {might be stronger.}) 50... Be1 $17 51. Nc3 $2 (51. Kc4 $17 {was worth a try.}) 51... Bxg3 $19 52. Ke3 Bxh4 53. Nxa4 Be7 {[%emt 0:00:20] Repels b4} 54. Nc3 Kc6 55. Ne4 Kd5 56. Nc3+ Kc6 57. Ne4 $1 f5 58. exf6 Bxf6 59. b3 Kd5 60. Ng3 (60. Kf3 $17 {was necessary.}) 60... g6 $2 (60... h4 $19 61. Nf1 Be7) 61. Ne2 Be7 62. Nc3+ Kc5 {[%emt 0:00:02] ...Kb4 is the strong threat.} 63. Ne2 Bf6 64. Nc1 $1 Kd5 65. Nd3 (65. Ne2 $1 $11) 65... Bc3 66. Nc1 $2 (66. Kf3 $15) 66... Bb4 $2 (66... Bd4+ $19 67. Kf3 e5) 67. Ne2 $2 (67. Nd3 $15 Bc3 68. Nc1) 67... Ba5 $2 (67... h4 $1 $19 68. Kf3 h3) 68. Kf3 $15 Bd2 69. Ng3 Kd4 (69... Bb4 $1 $17 70. Nf1 Bc5) 70. Ne4 (70. Ne2+ $1 $15 Kd5 71. Ng3) 70... Bb4 $1 $17 71. Ng5 Kd5 72. Ne4 Be7 (72... e5 $19 73. fxe5 Kxe5) 73. Nc3+ $15 Kc5 74. Ne2 Bf6 75. Nc1 Kd4 (75... Kd5 $1 $15 76. Nd3 e5) 76. Ne2+ $11 Kd5 77. Ng3 (77. Ke3 $1 $11) 77... Be7 78. Ne2 Bb4 ({Black should play} 78... e5 $17 {aiming for ...e4+.} 79. Nc3+ Ke6) 79. Ng3 (79. Ke3 $1 $11) 79... Bd6 $17 80. Ne4 {[%emt 0:01:09] [#]} Be7 (80... e5 $1 $19 81. fxe5 Kxe5) 81. Nc3+ $1 Kd4 (81... Kc6 $17 82. Ke4 h4) 82. Ne2+ $11 Kc5 83. Nc1 Bf6 84. Ke4 Bc3 85. Nd3+ Kc6 86. Nf2 (86. Ne5+ $2 Bxe5 87. Kxe5 Kb5 $19) 86... Bg7 87. Nh3 Kc5 88. Ng5 Kd6 89. Kf3 (89. Nf3 $11 {remains equal.}) 89... Kd5 (89... e5 $17 {With the idea ...exf4.} 90. Ne4+ Kd5) 90. Ne4 (90. b4 $1 $11) 90... Bb2 (90... e5 $17 {next ...exf4 is good for Black.} 91. fxe5 Bxe5 (91... Kxe5 92. b4 $17)) 91. Ng5 (91. b4 $1 $11) 91... Ba3 (91... e5 $17 {...Bc1 would now be deadly.} 92. fxe5 Kxe5 (92... Bxe5 $2 93. b4 $19)) 92. Ne4 Bb4 {[%emt 0:00:01] Prevents Nc3+.} (92... Kd4 $15 93. Ng3 Bb4 94. Ne2+ Kd5) 93. Ng3 $1 $17 Ba5 $2 (93... Bc3 $17 94. Ne4 Bb4 95. Nf6+ Kd4) 94. Ne4 (94. Ne2 $1 $11 {was the only way to keep the balance.}) 94... Bd8 (94... e5 $17 95. fxe5 Kxe5) 95. Nc3+ $1 $11 Kc5 96. Ne2 Bb6 {[%emt 0:00:26] White must now prevent ...Kb4.} 97. Nc1 {[%emt 0:01:08] [#]} (97. Ke4 $1 $11) 97... Bc7 (97... Kd5 $1 $17 98. Nd3 Kd4) 98. Ne2 (98. Ke4 $1 $11) 98... Bd6 (98... Kd5 $17 {Threatening ...e5.} 99. Nc3+ Kc5) 99. Ke4 $1 Bb8 100. Nd4 Kd6 {[%emt 0:00:05] Threatens to win with ...h4.} 101. f5 exf5+ $17 102. Nxf5+ Kd7 ({Don't play} 102... gxf5+ $6 103. Kxf5 Ke7 104. Kg5 $11) 103. Nh4 g5 104. Ng2 (104. Nf5 $142) 104... Ke6 105. Kf3 $2 (105. b4 $17 Kf6 106. Ne3) 105... g4+ {[%emt 0:00:35] Black mates.} 106. Ke4 Kf6 107. Nh4 Bg3 108. Nf5 Be1 109. Nd4 h4 110. Nf3 gxf3 111. Kxf3 h3 112. b4 Ke6 ({Stronger than} 112... Bxb4 113. Kg3 $11) 113. b5 Kd6 {[%emt 0:00:06] Weighted Error Value: White=0.42/Black=0.48.  Loses game:     	White=7     	---        Missed win:     	---       	Black=7      Mistake:       	White=18    	Black=14     Inaccurate:     	White=5     	Black=7      OK:         	White=29    	Black=26     Best:        	White=4     	Black=9      Strong:       	White=8     	Black=1} 0-1

[Event "45th FIDE Olympiad 2024"]
[Site "Budapest"]
[Date "2024.09.14"]
[Round "4.37"]
[White "Khalema, Sechaba"]
[Black "Mfune, Petros"]
[Result "0-1"]
[ECO "A51"]
[WhiteElo "1779"]
[BlackElo "1986"]
[PlyCount "32"]
[EventDate "2024.09.05"]
[EventType "team-tourn"]
[EventCountry "HUN"]
[WhiteTeam "Lesotho"]
[BlackTeam "Malawi"]
[WhiteTeamCountry "LES"]
[BlackTeamCountry "MWI"]
[TimeControl "40/5400+30:1800+30"]

1. d4 Nf6 2. c4 e5 3. a3 exd4 4. Qxd4 Nc6 5. Qd2 a5 6. Nc3 Bc5 7. Qg5 Qe7 8. Nb5 Bxf2+ 9. Kd1 O-O 10. Nxc7 Qd6+ 11. Nd5 Ne5 12. Bf4 Nxd5 13. cxd5 Qxd5+ 14. Bd2 Qb3+ 15. Kc1 Nc4 16. Rb1 Ne3 {0-} 0-1

[Event "45th FIDE Olympiad 2024"]
[Site "Budapest"]
[Date "2024.09.14"]
[Round "4.38"]
[White "Adams, Michael"]
[Black "Paichadze, Luka"]
[Result "1/2-1/2"]
[ECO "B12"]
[WhiteElo "2661"]
[BlackElo "2516"]
[Annotator "TA"]
[PlyCount "104"]
[EventDate "2024.09.05"]
[EventType "team-tourn"]
[EventCountry "HUN"]
[SourceTitle "playchess.com"]
[Source "ChessBase"]
[SourceQuality "1"]
[WhiteTeam "England"]
[BlackTeam "Georgia"]
[WhiteTeamCountry "ENG"]
[BlackTeamCountry "GEO"]
[TimeControl "40/5400+30:1800+30"]

1. e4 c6 2. d4 d5 3. e5 Bf5 4. Bd3 Bxd3 5. Qxd3 e6 6. Ne2 Qa5+ 7. c3 Qa6 {[%emt 0:00:22] B12: Caro-Kann: Advance Variation.} 8. Qd1 c5 9. O-O Nc6 10. a4 cxd4 11. Nxd4 Nxd4 12. cxd4 Ne7 13. Nc3 Nc6 14. Be3 Qb6 $146 ({Predecessor:} 14... Be7 15. Qg4 Kf8 16. Rad1 Qb6 17. f4 h5 18. Qh3 g6 19. Rf2 Kg8 20. Qg3 Qd8 {½-½ Torres Rebolledo,A (2193)-Lopez Varela,P (2362) Oviedo op 10th 2024 (9)}) 15. Qg4 a6 16. Rfc1 h5 17. Qd1 Na5 18. Rc2 Be7 19. h3 g6 20. Qf3 O-O 21. Ne2 Rac8 22. Rac1 Rc6 23. Rxc6 bxc6 24. Nf4 Nc4 $1 25. Qg3 Kh7 (25... Qxb2 $2 26. Nxg6 fxg6 27. Qxg6+ Kh8 28. Rb1 $18 (28. Qxe6 Nxe3 29. Qh6+ Kg8 $11) (28. Qxh5+ Kg8 $18) (28. Qxe6 Nxe3 29. Qh6+ Kg8 $11) (28. Qxh5+ Kg8 $18)) 26. Nd3 Qb3 $1 27. Rc3 Qd1+ 28. Kh2 Rb8 (28... Nxe3 {simplifies} 29. fxe3 Qxa4 30. Qf2 Kg7) 29. Bg5 Bf8 $2 (29... Bxg5 $11 {and Black is okay.} 30. Qxg5 Nd2) 30. Qf4 $18 Kg8 {[%emt 0:00:12] [#]} 31. g4 $2 (31. Nc5 $1 $18 {[%cal Rc5d7] Black must now prevent Nd7.} Bxc5 (31... Rxb2 $2 {loses.} 32. Rf3 $18) 32. dxc5) 31... Rb3 $11 32. Qc1 (32. Rxb3 {is more complex.} Qxb3 33. Nc1 Qxb2 34. gxh5 Qc2 35. hxg6 fxg6 36. Qf6) 32... Qxc1 33. Bxc1 Rxc3 34. bxc3 hxg4 35. hxg4 {[%emt 0:00:05] [#]} Nb6 (35... a5 $1 $17 36. Bg5 Ba3) 36. a5 $11 Nc4 37. Nb4 Nxa5 38. Nxa6 Nb3 39. Be3 Ba3 40. Kg3 Bb2 41. Nb4 Bxc3 42. Nxc6 Kf8 43. Kf3 Ke8 44. Ke2 Kd7 45. Kd3 $1 Kxc6 46. Kxc3 Na5 47. Kb4 Kb6 48. Ka4 Nc6 49. f3 Ka6 50. Bf2 Kb6 51. Be3 Ka6 52. Bf2 Kb6 1/2-1/2

[Event "45th FIDE Olympiad 2024"]
[Site "Budapest"]
[Date "2024.09.14"]
[Round "4.38"]
[White "Mwale, Joseph"]
[Black "Tsephe, Lebajoa"]
[Result "1/2-1/2"]
[ECO "B99"]
[WhiteElo "2063"]
[BlackElo "1900"]
[PlyCount "126"]
[EventDate "2024.09.05"]
[EventType "team-tourn"]
[EventCountry "HUN"]
[WhiteTeam "Malawi"]
[BlackTeam "Lesotho"]
[WhiteTeamCountry "MWI"]
[BlackTeamCountry "LES"]
[TimeControl "40/5400+30:1800+30"]

1. e4 c5 2. Nf3 d6 3. d4 cxd4 4. Nxd4 Nf6 5. Nc3 a6 6. Bg5 e6 7. f4 Be7 8. Qf3 Qc7 9. O-O-O Nbd7 10. g4 h6 11. Bxf6 Bxf6 12. h4 Nb6 13. g5 Bxd4 14. Rxd4 Bd7 15. Qd3 hxg5 16. fxg5 Rd8 17. g6 Bc6 18. Bh3 Rxh4 19. Qg3 Rh6 20. gxf7+ Qxf7 21. Rg1 Nc8 22. Rd3 Rd7 23. Rf3 Rf6 24. Rgf1 Re7 25. Rxf6 gxf6 26. Qh4 Bd7 27. Rxf6 Qg7 28. Bg4 b5 29. e5 dxe5 30. Ne4 Kd8 31. Rf3 Kc7 32. Nc5 Bc6 33. Nxa6+ Kb6 34. Rc3 Kxa6 35. Rxc6+ Kb7 36. Rc5 Na7 37. Qh1+ Kb8 38. Bf3 Qg5+ 39. Kb1 Rh7 40. Qe1 Qf4 41. Qxe5+ Qxe5 42. Rxe5 Rf7 43. Bd1 Rf6 44. b4 Kc7 45. Be2 Kd6 46. Rc5 Rf5 47. Rxf5 exf5 48. Kb2 Ke5 49. Kb3 f4 50. c4 Nc6 51. Bf1 Nd4+ 52. Kc3 bxc4 53. a4 f3 54. a5 Nf5 55. Bxc4 Kd6 56. b5 Kc5 57. Bf1 Ne3 58. a6 Kb6 59. Bd3 f2 60. Kd4 f1=Q 61. Bxf1 Nxf1 62. Kd5 Ne3+ 63. Ke6 Nc2 1/2-1/2

[Event "45th FIDE Olympiad 2024"]
[Site "Budapest"]
[Date "2024.09.14"]
[Round "4.39"]
[White "Jobava, Baadur"]
[Black "McShane, Luke J"]
[Result "1-0"]
[ECO "D00"]
[WhiteElo "2582"]
[BlackElo "2611"]
[Annotator "TA"]
[PlyCount "79"]
[EventDate "2024.09.05"]
[EventType "team-tourn"]
[EventCountry "HUN"]
[SourceTitle "playchess.com"]
[Source "ChessBase"]
[SourceQuality "1"]
[WhiteTeam "Georgia"]
[BlackTeam "England"]
[WhiteTeamCountry "GEO"]
[BlackTeamCountry "ENG"]
[TimeControl "40/5400+30:1800+30"]

1. d4 Nf6 2. Nc3 d5 3. Bf4 e6 4. Nb5 Na6 5. e3 Be7 (5... c6 $5 6. Nc3 $8 $11) 6. Nf3 {[%emt 0:00:10] D00: 1 d4 d5: Unusual lines.} O-O 7. h4 c6 8. Nc3 Nc7 9. Ne2 $146 ({Predecessor:} 9. Bd3 Nce8 10. Ne5 Nd6 11. Qf3 Nd7 12. Kd1 f6 13. Qh5 f5 14. Nxd7 Bxd7 15. Bxd6 Bxd6 16. f4 c5 17. g4 Be8 18. Qg5 Be7 {0-1 Panesar,V (2462)-Alekseenko,K (2650) Titled Tuesday intern op 12th Mar Early blitz 2024 (3)}) 9... c5 10. c3 b5 11. dxc5 Bxc5 12. Ned4 Bd7 13. Ne5 b4 14. Nd3 Bb6 (14... Na6 $11) 15. Nxb4 $14 Ne4 16. Bd3 f6 17. Bxe4 dxe4 18. Qb3 $1 Qe8 {[%emt 0:01:48] [#]} 19. a4 $1 Ba5 20. O-O Rf7 {[%emt 0:06:00] [#]} 21. Bxc7 $1 Bxc7 22. Nb5 Be5 23. Rfd1 f5 24. Nd6 Bxd6 25. Rxd6 f4 (25... Rc8 $16 26. Ra6 Rc7) 26. exf4 $18 Rxf4 27. Qd1 Rf7 28. Qd4 Bxa4 29. Qxe4 Bb3 30. c4 (30. Ra3 Qf8 31. Rd4 (31. Rxb3 Qxd6 32. Qxa8+ Rf8 $11) 31... Bd5 32. Nxd5 exd5 33. Qxd5 Kh8 $18) 30... a5 $2 (30... Qf8) 31. Nc6 $18 (31. Rxe6 Qf8 $18) 31... Qf8 32. Rxa5 ({Inferior is} 32. Qxe6 Bxc4 33. Qe5 Rxf2 $11) (32. Nxa5 Rxa5 (32... Rxf2 $2 {too greedy.} 33. Rd4 $18) 33. Rxa5 Qxd6 34. Ra8+ Rf8 35. Rxf8+ Qxf8 (35... Kxf8 $2 36. Qf3+ Ke7 37. Qb7+ Qd7 38. Qxb3 $18) 36. Qxe6+ Kh8 $19) 32... Rxa5 33. Rd8 Ra1+ 34. Kh2 Rxf2 35. Qxe6+ Kh8 36. Qe3 Qxd8 37. Nxd8 Rf8 38. Ne6 Rb8 39. Qg3 Rb7 40. Nc5 1-0

[Event "45th FIDE Olympiad 2024"]
[Site "Budapest"]
[Date "2024.09.14"]
[Round "4.39"]
[White "Karabo Mokete"]
[Black "Kamwendo Precious"]
[Result "1-0"]
[ECO "E20"]
[WhiteElo "1836"]
[BlackElo "2001"]
[PlyCount "79"]
[EventDate "2024.09.05"]
[EventType "team-tourn"]
[EventCountry "HUN"]
[WhiteTeam "Lesotho"]
[BlackTeam "Malawi"]
[WhiteTeamCountry "LES"]
[BlackTeamCountry "MWI"]
[TimeControl "40/5400+30:1800+30"]

1. d4 Nf6 2. c4 e6 3. g3 d5 4. Nf3 Nbd7 5. Bg2 Bb4+ 6. Nc3 O-O 7. O-O c6 8. Qc2 Re8 9. Bf4 Nf8 10. Rfd1 Ng6 11. Bg5 h6 12. Bxf6 Qxf6 13. e4 Bxc3 14. bxc3 dxc4 15. e5 Qd8 16. Nd2 c5 17. Nxc4 cxd4 18. cxd4 Re7 19. d5 exd5 20. Bxd5 Qc7 21. Qxg6 Be6 22. Bxe6 Rxe6 23. Qe4 Rae8 24. Qd4 Rc6 25. Nd6 Re6 26. Rd2 a6 27. f4 Re7 28. Nf5 Re8 29. Rad1 Rc2 30. e6 f6 31. Rxc2 Qxc2 32. Qd7 Qc5+ 33. Rd4 Qc1+ 34. Kf2 Qc2+ 35. Rd2 Qc5+ 36. Ne3 Qf8 37. f5 Kh7 38. Qxb7 Qc5 39. Qf7 Re7 40. Qg6+ 1-0